 Dungeon Crawl Stone Soup version 0.31.0-32-g396128a36d (webtiles) character file.

Game seed: 14961419030499871368

27864 ripuliukko the Geomancer (level 13, -4/68 HPs)
             Began as a Gargoyle Earth Elementalist on Apr 22, 2024.
             Slain by a profane servitor
             ... wielding a +3 whip
              (7 damage)
             ... on level 2 of the Abyss.
             The game lasted 00:18:11 (16028 turns).

ripuliukko the Geomancer (GrEE)                    Turns: 16028, Time: 00:18:12

Health: -4/68      AC: 18    Str: 13    XL:     13   Next: 35%
Magic:  37/37      EV: 11    Int: 23    God:
Gold:   980        SH:  5    Dex: 10    Spells: 18/34 levels left

rFire   . . .        t - +2 quarterstaff (protect)
rCold   + . .        (shield currently unavailable)
rNeg    + . .        K - +0 troll leather armour
rPois   ∞            o - +2 helmet {Int+3}
rElec   +            C - scarf {repulsion}
rCorr   .            A - +1 pair of gloves
SInv    .            (no boots)
Will    .....        D - amulet of reflection
Stlth   ++           q - ring of protection from cold
HPRegen 1.11/turn    x - ring of magical power
MPRegen 0.25/turn

%: repel missiles, reflection
@: wreathed by umbra
A: sickness immunity, AC +9, negative energy resistance 1, electricity
resistance, torment resistance 1, petrification resistance
a: no special abilities


You were on level 2 of the Abyss.
You visited 2 branches of the dungeon, and saw 14 of its levels.
You visited the Abyss 1 time.
You also visited: Ice Cave.

You collected 980 gold pieces.

Inventory:

Hand Weapons
 m - a +2 whip of electrocution
 t - a +2 quarterstaff of protection (weapon)
Missiles
 i - a throwing net
Armour
 o - a +2 helmet of intelligence (worn)
 s - +0 steam dragon scales
 u - a +0 cloak
 w - an orb of energy
 A - a +1 pair of gloves (worn)
 C - a scarf of repulsion (worn)
 K - a +0 troll leather armour (worn)
 O - the +2 helmet of Baqylic {^Drain rN+ Will+ SInv}
   (You found it on level 13 of the Dungeon)

   rN+:       It protects you from negative energy.
   Will+:     It increases your willpower.
   SInv:      It lets you see invisible.
   ^Drain:    It drains your maximum health when unequipped.
Magical Staves
 N - a staff of cold
Jewellery
 f - a ring of flight
 q - a ring of protection from cold (left hand)
 r - a ring of ice
 x - a ring of magical power (right hand)
 D - an amulet of reflection (around neck)
Wands
 a - a wand of light (3)
 v - a wand of mindburst (3)
 z - a wand of flame (15)
 B - a wand of charming (10)
 F - a wand of digging (4)
 L - a wand of iceblast (3)
Scrolls
 d - a scroll of poison
 n - 3 scrolls of fog
 y - a scroll of vulnerability
 H - 2 scrolls of immolation
 I - a scroll of brand weapon
 J - 3 scrolls of blinking
Potions
 b - a potion of magic
 c - 4 potions of lignification
 e - 4 potions of curing
 g - 3 potions of brilliance {unknown}
 h - 3 potions of haste {unknown}
 j - 3 potions of attraction
 k - 3 potions of might
 l - 3 potions of heal wounds {unknown}
 p - 3 potions of berserk rage {unknown}
 E - 4 potions of mutation {unknown}
 G - a potion of enlightenment {unknown}
 M - a potion of cancellation {unknown}


   Skills:
 + Level 2.7 Fighting
 + Level 0.4(2.3) Maces & Flails
 + Level 3.8 Staves
 + Level 3.5 Armour
 - Level 2.0 Dodging
 - Level 2.4 Stealth
 + Level 1.8 Shields
 + Level 0.1 Unarmed Combat
 * Level 11.4 Spellcasting
 + Level 13.0 Conjurations
 + Level 0.7 Translocations
 * Level 3.2 Ice Magic
 * Level 13.0 Earth Magic
 * Level 6.3 Evocations


You had 18 spell levels left.
You knew the following spells:

 Your Spells              Type           Power      Damage    Failure   Level
a - Sandblast             Erth           100%       2d20      1%          1
b - Swiftness             Air            13%        N/A       19%         3
f - Lesser Beckoning      Tloc           32%        N/A       7%          2
q - Stone Arrow           Conj/Erth      100%       3d13      1%          3
r - Frozen Ramparts       Ice            56%        1d9       4%          3
w - Brom's Barrelling Bo  Conj/Erth      64%        2d8       1%          4

Your spell library contained the following spells:

 Spells                   Type           Power      Damage    Failure   Level
 Shock                    Conj/Air       100%       1d9       1%          1
 Momentum Strike          Conj/Tloc      88%        3d10      1%          2
 Static Discharge         Conj/Air       86%        3-7/arc   1%          2
 Dazzling Flash           Conj/Hex       86%        N/A       1%          3
 Passwall                 Erth           64%        N/A       1%          3
 Mephitic Cloud           Conj/Alch/Air  33%        N/A       3%          3
 Leda's Liquefaction      Alch/Erth      21%        N/A       4%          4
 Petrify                  Alch/Erth      43%        N/A       4%          4
 Blink                    Tloc           32%        N/A       7%          2
 Orb of Destruction       Conj           32%        9d10      24%         7
 Airstrike                Air            6%         2d(1-17)  52%         4
 Summon Blazeheart Golem  Fire/Summ      13%        N/A       52%         4
 Summon Lightning Spire   Summ/Air       13%        N/A       52%         4
 Metabolic Englaciation   Hex/Ice        10%        N/A       65%         5
 Curse of Agony           Necr           13%        N/A       86%         5
 Silence                  Hex/Air        6%         N/A       86%         5
 Spellforged Servitor     Conj/Summ      21%        N/A       98%         7


Dungeon Overview and Level Annotations

Branches:
Dungeon (13/15)            Temple (1/1) D:6            Lair (0/5) D:10
    Orc (0/2) D:11          IceCv (visited)
 Vaults: D:13-14

Altars:
Ashenzari
Cheibriados
Dithmenos
Elyvilon
Fedhas
Gozag
Hepliaklqana
Kikubaaqudgha
Makhleb
Nemelex Xobeh
Okawaru
Qazlal
Ru
Sif Muna
Trog
Uskayaw
Vehumet
Wu Jian
Xom
Yredelemnul
Zin
The Shining One

Shops:
D:11 (

Portals:
Trove: D:13 (give 4 potions of resistance)

Annotations:
D:7 3 runed translucent doors, Grumple's ghost, novice FeBe; Saint1's ghost, novice OpSh
D:13 Erolcha


Innate Abilities, Weirdness & Mutations

You are immune to sickness and miasma.
Your stone body is resilient. (AC +9)
You are immune to poison.
You resist negative energy. (rN+)
You are resistant to electric shocks. (rElec)
You are resistant to unholy torment.
You are immune to petrification.


Message History

The profane servitor hits you but does no damage.
The profane servitor hits you with a +3 whip!
The profane servitor hits you with a +3 whip. x2
The profane servitor hits you but does no damage.
The profane servitor hits you with a +3 whip.
The profane servitor hits you with a +3 whip!
The profane servitor misses you.
The profane servitor hits you with a +3 whip. x2
The profane servitor hits you but does no damage.
The profane servitor hits you with a +3 whip.
The profane servitor hits you with a +3 whip.
The profane servitor closely misses you.
The profane servitor hits you with a +3 whip!
* * * LOW HITPOINT WARNING * * *
The profane servitor hits you but does no damage.
The profane servitor hits you but does no damage.
The profane servitor hits you with a +3 whip.
* * * LOW HITPOINT WARNING * * *
The profane servitor hits you but does no damage.
The profane servitor closely misses you.
You block the profane servitor's attack.
The profane servitor closely misses you.
The profane servitor closely misses you.
The profane servitor hits you with a +3 whip.
* * * LOW HITPOINT WARNING * * *
You block the profane servitor's attack.
The profane servitor hits you with a +3 whip!
* * * LOW HITPOINT WARNING * * *
The profane servitor closely misses you.
The profane servitor hits you but does no damage.
Unknown command.
The profane servitor closely misses you.
You block the profane servitor's attack.
The profane servitor hits you with a +3 whip.
* * * LOW HITPOINT WARNING * * *
The profane servitor closely misses you.
The spriggan defender zombie hits you but does no damage.
The profane servitor completely misses you.
The profane servitor hits you with a +3 whip!
You die...

...... .. ##
#...... ..####..
#.... #..#... .
#.... #..... .#.#
..##...###.#.## ..
.
#∩.......#..#..#.##
. ............~~. .
........@A...~.....
.#....##.#Z..~~~~~
.
....#.#.####.~~.~~
. .#. # ### #..~##.
. . # .## #..~~#..
. . ## # .#...~....
. ... ...... ~.....
.#.. .###. ...
.~...... ...
....... .. ... ..


You could see a profane servitor and a spriggan defender zombie.

Vanquished Creatures
  A frost giant (IceCv)
  A centaur warrior (D:13)
  A two-headed ogre (D:13)
  8 death yaks (IceCv)
  Pikel (D:4)
  A deep elf pyromancer (D:12)
  Maurice (D:8)
  2 ugly things
  A manticore (D:11)
  An ice statue (IceCv)
  Joseph (D:8)
  A kobold demonologist (D:11)
  2 gargoyles
  Maggie (D:6)
  Jeremiah (D:6)
  An unseen horror (D:10)
  A komodo dragon (D:10)
  2 trolls
  11 polar bears (IceCv)
  A hornet (D:9)
  Prince Ribbit (D:8)
  2 slime creatures (D:12)
  Sigmund (D:2)
  A shadow (D:10)
  3 wyverns
  3 wraiths
  A vampire (D:9)
  31 yaks
  2 basilisks
  A steam dragon (D:8)
  Edmund (D:6)
  11 vampire mosquitoes
  2 acid dragons
  A water moccasin (D:9)
  An ice beast (D:5)
  4 orc warriors
  An ogre (D:6)
  2 black bears (D:4)
  12 wolves (IceCv)
  A phantom (D:6)
  4 centaurs
  A lemure (D:4)
  2 kobold brigands (D:9)
  2 gnoll sergeants
  3 bullfrogs
  A scorpion (D:6)
  14 wights
  9 killer bees (D:11)
  5 howler monkeys
  3 gnoll boudas
  A hound (D:6)
  A jelly (D:7)
  6 orc priests
  Crazy Yiuf (D:6)
  A sleepcap (D:6)
  Natasha (thrice) (D:2)
  3 orc wizards
  18 gnolls
  5 adders
  2 shadow imps
  13 white imps
  6 ufetubi
  2 dart slugs
  24 orcs
  4 bats
  6 endoplasms
  A giant cockroach (D:4)
  3 hobgoblins
  6 jackals (D:2)
  2 quokkas
  9 ball pythons
  A frilled lizard (D:1)
  20 kobolds
  A rat (D:1)
305 creatures vanquished.

Vanquished Creatures (collateral kills)
  A boulder (D:7)
1 creature vanquished.

Vanquished Creatures (others)
  5 boulders
5 creatures vanquished.

Grand Total: 311 creatures vanquished

Notes
Turn   | Place    | Note
-------+----------+-------------------------------------------
     0 | D:1      | ripuliukko the Gargoyle Earth Elementalist began the quest
                  | for the Orb.
     0 | D:1      | Reached XP level 1. HP: 10/10 MP: 3/3
   189 | D:1      | Reached XP level 2. HP: 15/15 MP: 1/5
   534 | D:1      | Reached XP level 3. HP: 19/19 MP: 2/6
   538 | D:1      | Learned a level 3 spell: Stone Arrow
   813 | D:2      | Noticed Sigmund
   820 | D:2      | Killed Sigmund
   821 | D:2      | Reached skill level 5 in Earth Magic
   821 | D:2      | Reached XP level 4. HP: 21/24 MP: 1/9
   821 | D:2      | Reached XP level 5. HP: 25/28 MP: 1/10
  1031 | D:2      | Noticed Natasha
  1035 | D:2      | Killed Natasha
  1154 | D:2      | Reached XP level 6. HP: 33/33 MP: 10/12
  1279 | D:2      | Noticed Natasha
  1282 | D:2      | Killed Natasha
  1366 | D:2      | Noticed Natasha
  1373 | D:2      | Killed Natasha
  1679 | D:3      | Learned a level 4 spell: Brom's Barrelling Boulder
  1919 | D:3      | Found a faded altar of an unknown god.
  2327 | D:4      | Reached XP level 7. HP: 14/37 MP: 6/14
  2462 | D:4      | Reached skill level 5 in Spellcasting
  2584 | D:4      | Noticed Pikel
  2606 | D:4      | Killed Pikel
  2607 | D:4      | Reached XP level 8. HP: 6/42 MP: 3/17
  2789 | D:4      | Reached skill level 1 in Fighting
  3426 | D:5      | Entered Level 5 of the Dungeon
  3438 | D:5      | Identified the -2 cloak of Magic {-Cast +Inv Stlth+}
  4085 | D:6      | Noticed Maggie
  4094 | D:6      | Killed Maggie
  4245 | D:6      | Found a staircase to the Ecumenical Temple.
  4338 | D:6      | Reached XP level 9. HP: 20/47 MP: 16/19
  4387 | Temple   | Entered the Ecumenical Temple
  4626 | D:6      | Found a runed translucent door.
  4627 | D:6      | Noticed Crazy Yiuf
  4632 | D:6      | Killed Crazy Yiuf
  4706 | D:6      | Noticed Edmund
  4712 | D:6      | Killed Edmund
  4790 | D:6      | Reached skill level 5 in Conjurations
  4834 | D:6      | Noticed Jeremiah
  4846 | D:6      | Killed Jeremiah
  5191 | D:6      | Found a radiant altar of Vehumet.
  5214 | D:6      | Found a shimmering altar of Xom.
  5217 | D:6      | Found an ancient bone altar of Kikubaaqudgha.
  5734 | D:7      | Found a runed translucent gate.
  5734 | D:7      | Found a runed translucent gate.
  5734 | D:7      | Found a runed translucent gate.
  5743 | D:7      | Found a glowing golden altar of the Shining One.
  6203 | D:7      | Noticed Saint1's ghost (novice OpSh)
  6204 | D:7      | Noticed Grumple's ghost (novice FeBe)
  6254 | D:8      | Reached skill level 1 in Evocations
  6415 | D:8      | Noticed Joseph
  6421 | D:8      | Killed Joseph
  6422 | D:8      | Reached skill level 1 in Staves
  6581 | D:8      | Reached skill level 10 in Earth Magic
  6698 | D:8      | Reached XP level 10. HP: 52/52 MP: 15/22
  6810 | D:8      | Found a shadowy altar of Dithmenos.
  6865 | D:8      | Noticed Maurice
  6880 | D:8      | Killed Maurice
  7201 | D:8      | Noticed Prince Ribbit
  7206 | D:8      | Killed Prince Ribbit
  7726 | D:9      | Found a basalt altar of Yredelemnul.
  9334 | D:10     | Entered Level 10 of the Dungeon
  9338 | D:10     | Reached XP level 11. HP: 57/57 MP: 23/24
 10239 | D:10     | Found a staircase to the Lair.
 10756 | D:11     | Found a staircase to the Orcish Mines.
 10903 | D:11     | Found Wirudaexa's Weapon Shop.
 10950 | D:11     | Found a gate leading to a gauntlet.
 10950 | D:11     | Noticed a manticore
 10954 | D:11     | Killed a manticore
 10960 | D:11     | Reached skill level 10 in Conjurations
 11266 | D:11     | Reached skill level 10 in Spellcasting
 11710 | D:12     | Noticed a white ugly thing
 11899 | D:11     | Killed a white ugly thing
 12265 | D:12     | Reached XP level 12. HP: 56/64 MP: 25/26
 12270 | D:12     | Reached skill level 1 in Armour
 12833 | D:13     | Found a portal to a secret trove of treasure.
 12851 | D:13     | Found a frozen archway.
 12852 | D:13     | Noticed a centaur warrior
 12865 | D:13     | Killed a centaur warrior
 12866 | D:13     | Reached skill level 5 in Evocations
 12881 | D:13     | Identified the +2 helmet of Baqylic {^Drain rN+ Will+ SInv}
 13035 | IceCv    | Entered an ice cave
 13039 | IceCv    | Learned a level 2 spell: Lesser Beckoning
 13043 | IceCv    | Learned a level 3 spell: Frozen Ramparts
 13047 | IceCv    | Learned a level 3 spell: Swiftness
 13698 | IceCv    | Reached skill level 1 in Shields
 14107 | IceCv    | Noticed a death yak
 14107 | IceCv    | Noticed a death yak
 14108 | IceCv    | Noticed a death yak
 14114 | IceCv    | Killed a death yak
 14115 | IceCv    | Reached skill level 1 in Ice Magic
 14119 | IceCv    | Killed a death yak
 14138 | IceCv    | Killed a death yak
 14310 | IceCv    | Noticed a death yak
 14312 | IceCv    | Noticed a death yak
 14324 | IceCv    | Killed a death yak
 14609 | IceCv    | Killed a death yak
 14610 | IceCv    | Reached XP level 13. HP: 63/68 MP: 7/28
 14864 | IceCv    | Noticed a frost giant
 15027 | IceCv    | Killed a frost giant
 15686 | IceCv    | Found the +4 skin of Zhor {*Englaciate rC+++ SInv}
 15982 | D:13     | Noticed Erolcha
 15983 | Abyss:2  | Cast into level 2 of the Abyss (Erolcha)
 16014 | Abyss:2  | Noticed a profane servitor
 16028 | Abyss:2  | HP: 3/68 [profane servitor/+3 whip (4)]
 16028 | Abyss:2  | Slain by a profane servitor

Illustrated notes

Levels and vault maps discovered:
D:1:      minmay_arrival_loop, layout_rooms
D:2:      layout_basic, uniq_natasha, uniq_sigmund
D:3:      layout_rooms, shapermc_ecumenical_altar_totnotflames,
          kennysheep_pointless_box
D:4:      layout_loops_ring, uniq_pikel
D:5:      layout_loops_ring
D:6:      layout_layer_cave, minmay_overflow_temple_star_quad,
          minmay_temple_entry_glassed_door, uniq_crazy_yiuf_cottage,
          uniq_jeremiah, uniq_edmund, uniq_maggie
D:7:      layout_basic, lemuel_crystal_altar, gammafunk_ghost_cemetery
D:8:      layout_loops_corners, grunt_dithmenos_smoke_and_mirrors, uniq_joseph,
          uniq_maurice, uniq_prince_ribbit1
D:9:      layout_stronghold, overflow_temple_1_default, st_stairs_2
D:10:     layout_roguey, david_lair_shrubbed
D:11:     layout_roguey, orc_david_3, gauntlet_entry_generic
D:12:     layout_irregular_city
D:13:     kennysheep_tiny_hell, layout_basic, nicolae_trove_entry_free_sample,
          portal_ice_cave_entry_imps, serial_co_window_serial,
          co_window_paths_b, co_window_of_opportunity_a,
          co_window_of_opportunity_a, co_window_corner_a, co_window_corner_a,
          co_window_paths_b, co_window_of_opportunity_a,
          co_window_unsneaky_path_d, co_window_broadway_a, glass_columns_a,
          glass_columns_b, glass_columns_a, minmay_misc_feat_alley, uniq_kirke,
          uniq_erolcha
Temple:   lightli_temple_of_artemis
Abyss:2:  base: D:8, bh_abyss_exit_spiral

Skill      XL: |  1  2  3  4  5  6  7  8  9 10 11 12 13 |
---------------+----------------------------------------+-----
Earth Magic    | 4 5 6 7 8 10 11 12 13 | 13.0
Dodging        | 2 |  2.0
Spellcasting   | 3 4 6 7 8 9 10 11 | 11.4
Conjurations   | 2 3 4 6 8 10 12 13 | 13.0
Fighting       | 1 2 |  2.7
Evocations     | 1 3 4 5 6 |  6.3
Staves         | 1 3 |  3.8
Armour         | 3 |  3.5
Shields        | 1 |  1.8
Ice Magic      | 2 3 |  3.2
Maces & Flails | |  0.4
Stealth        | |  2.4
Unarmed Combat | |  0.1
Translocations | |  0.7

Action                     |  1- 3 |  4- 6 |  7- 9 | 10-12 | 13-15 || total
---------------------------+-------+-------+-------+-------+-------++-------
  Melee: Unarmed           |     6 |       |       |       |       ||     6
         Whip              |     6 |     2 |     3 |       |       ||    11
         Quarterstaff      |       |       |    17 |   115 |     4 ||   136
   Cast: Sandblast         |    36 |    60 |    85 |    12 |       ||   193
         Stone Arrow       |       |       |    35 |   345 |    65 ||   445
         Brom's Barrelling |       |       |     4 |     8 |       ||    12
         Frozen Ramparts   |       |       |       |     3 |     1 ||     4
         Lesser Beckoning  |       |       |       |     2 |       ||     2
  Evoke: Wand              |       |       |       |     2 |     3 ||     5
    Use: Scroll            |     1 |     1 |     5 |     7 |     1 ||    15
         Potion            |     1 |       |       |     4 |     1 ||     6
   Stab: Sleeping          |       |       |     1 |       |       ||     1
 Armour: Robe              |    18 |    22 |    15 |       |       ||    55
         Steam dragon scal |       |       |    38 |    70 |       ||   108
         Troll leather arm |       |       |       |   257 |    83 ||   340
  Dodge: Dodged            |    29 |    14 |    45 |   202 |    35 ||   325
         Repelled          |       |       |       |     3 |       ||     3
  Block: Other             |       |       |       |    62 |    13 ||    75
